 Dungeon Crawl Stone Soup version 0.29.0-4-gdea44cf6ec (webtiles) character file.

Game seed: 6697183230272785931

126 qw the Chopper (level 5, -4/30 HPs)
             Began as a Tengu Warper on Aug 28, 2022.
             Slain by a kobold brigand
             ... wielding a +0 short sword
              (6 damage)
             ... in a sewer.
             The game lasted 00:00:13 (2322 turns).

qw the Chopper (Tengu Warper)                       Turns: 2322, Time: 00:00:14

Health: -4/30      AC:  5    Str: 12 (13) XL:     5   Next: 9%
Magic:  9/9        EV: 12    Int: 13      God:
Gold:   90         SH:  0    Dex: 11 (14) Spells: 8/8 levels left

rFire   . . .      SeeInvis .   Y - +0 hand axe
rCold   . . .      Faith    .   (no shield)
rNeg    . . .      Spirit   .   e - +0 ring mail
rPois   .          Reflect  .   (helmet restricted)
rElec   .          Harm     .   (no cloak)
rCorr   .          Rampage  .   (no gloves)
Will    .....                   (boots unavailable)
Stlth   +.........              (no amulet)
HPRegen 0.10/turn               (no ring)
MPRegen 0.11/turn               (no ring)

@: flying quickly and evasively, quick
A: beak, talons 3, nimble flight
a: no special abilities


You were in a sewer.
You visited 1 branch of the dungeon, and saw 3 of its levels.
You also visited: Sewer.

You collected 90 gold pieces.


Innate Abilities, Weirdness & Mutations

You have a beak for a mouth.
You have claws for feet.
Your magical nature lets you fly swiftly and evasively.


   Skills:
 - Level 2.0 Fighting
 + Level 5.6 Axes
 - Level 1.0 Throwing
 - Level 1.1 Armour
 - Level 2.1 Dodging
 - Level 2.0 Spellcasting
 - Level 2.4 Translocations


You had 8 spell levels left.
You didn't know any spells.
Your spell library contained the following spells:

 Spells                   Type           Power      Damage    Failure   Level
 Blink                    Tloc           14%        N/A       32%         2
 Gell's Gravitas          Tloc           7%         N/A       54%         3
 Lesser Beckoning         Tloc           7%         N/A       54%         3
 Teleport Other           Tloc           7%         N/A       54%         3
 Manifold Assault         Tloc           7%         N/A       99%         5

Inventory:

Hand Weapons
 h - a +0 whip
 Y - a +0 hand axe (weapon)
Armour
 e - a +0 ring mail (worn)
Potions
 a - a potion of berserk rage {unknown}
 c - a potion of heal wounds {unknown}
 f - a potion of lignification {unknown}
 g - a potion of might {unknown}
 i - a potion of brilliance {unknown}
 j - a potion of mutation {unknown}

Dungeon Overview and Level Annotations

Branches:
Dungeon (3/15)              Sewer (1/1)

Altars:
Nemelex Xobeh
Ru


Message History

Found three items.
Found a gate leading back out of this place.
The kobold brigand throws a poisoned dart.
The poisoned dart barely misses you.
The poisoned dart hits the plant!
You barely miss the kobold brigand. Your kick misses the kobold brigand.
Your peck misses the kobold brigand. You hit the plant but do no damage.
The kobold brigand hits you with a +0 short sword!
You hit the kobold brigand.
The kobold brigand is lightly wounded.
You hit the plant but do no damage. The kobold brigand closely misses you.
You hit the kobold brigand.
You claw the kobold brigand, but do no damage.
Your peck misses the kobold brigand.
The kobold brigand is lightly wounded.
You hit the plant.
The plant begins to die.
The kobold brigand closely misses you.
You hit the kobold brigand. Your kick misses the kobold brigand.
The kobold brigand is moderately wounded.
You hit the plant.
The kobold brigand hits you with a +0 short sword!
You completely miss the kobold brigand. You claw the kobold brigand.
You peck the kobold brigand, but do no damage.
The kobold brigand is heavily wounded.
You hit the plant.
The kobold brigand hits you with a +0 short sword.
You hit the kobold brigand. You claw the kobold brigand.
The kobold brigand is severely wounded.
You hit the plant.
The kobold brigand completely misses you.
You closely miss the kobold brigand. Your kick misses the kobold brigand.
The kobold brigand is severely wounded.
You hit the plant.
A nearby plant withers and dies.
The kobold brigand hits you with a +0 short sword!
You closely miss the kobold brigand. You claw the kobold brigand.
You peck the kobold brigand.
The kobold brigand is almost dead.
The kobold brigand hits you with a +0 short sword.
You die...

#~~~#.\\#
#~~~'...#
#~~~######
#~~~#..!.#
#~~~#.\..#
#~~~#...!#
#~~~#?...#
#~~~##K'##
#~~~#.@..#
#~~~#~...###
#~~~~~~....#
#~~~~~P.P.##
#~~~#P~...#
#~~~#~~....#
#~~~#......#
~~~~~#......#
~~~~~~#......#


You could see a kobold brigand.

Vanquished Creatures
  An orc wizard (D:3)
  4 adders (D:2)
  A river rat (D:3)
  3 dart slugs
  A worm (D:2)
  7 bats
  3 endoplasms
  A giant cockroach (D:2)
  3 goblins (D:2)
  3 hobgoblins
  3 quokkas (D:1)
  10 ball pythons
  2 frilled lizards
  6 kobolds
  5 rats
53 creatures vanquished.

Vanquished Creatures (others)
  A plant (Sewer)
1 creature vanquished.

Grand Total: 54 creatures vanquished

Notes
Turn   | Place    | Note
-------+----------+-------------------------------------------
     0 | D:1      | qw the Tengu Warper began the quest for the Orb.
     0 | D:1      | Reached XP level 1. HP: 12/12 MP: 4/4
     0 | D:1      | 0 ||| qw: Version: 0.1-a-89-g26bdef1
     0 | D:1      | 0 ||| qw: Game counter: 587
     0 | D:1      | 0 ||| qw: Always use a shield: true
     0 | D:1      | 0 ||| qw: God list: Okawaru
     0 | D:1      | 0 ||| qw: Allow faded altars: false
     0 | D:1      | 0 ||| qw: Do Orc after D:15 true
     0 | D:1      | 0 ||| qw: Do second Lair branch before Depths: true
     0 | D:1      | 0 ||| qw: Lair rune preference: random
     0 | D:1      | 0 ||| qw: Plans: Normal
     0 | D:1      | 0 ||| PLANNING D:1-11
   162 | D:1      | Reached XP level 2. HP: 17/17 MP: 6/6
   163 | D:1      | Reached skill level 3 in Axes
   553 | D:1      | Found a faded altar of an unknown god.
   709 | D:1      | 709 ||| UPGRADING to +0 ring mail.
   719 | D:1      | 719 ||| DROPPING +0 leather armour.
   720 | D:1      | 720 ||| READING scroll labelled FOANGU DOBU.
   721 | D:1      | 721 ||| READING scroll labelled INOJOH QINIOCW.
   722 | D:1      | 722 ||| DRINKING 2 glowing dark potions.
   723 | D:1      | 723 ||| DROPPING scroll of blinking.
   724 | D:1      | 724 ||| Stepping randomly (stuck).
   725 | D:1      | 725 ||| Stepping ~*~*~tactically~*~*~ (cloud).
   725 | D:1      | HP: 4/17 [poisoned by you (poison gas)]
   726 | D:1      | 726 ||| DRINKING potion of curing.
   726 | D:1      | 726 ||| (to cure poison)
   860 | D:2      | 860 ||| Stepping ~*~*~tactically~*~*~ (stealth).
   861 | D:2      | 861 ||| Stepping ~*~*~tactically~*~*~ (stealth).
   863 | D:2      | 863 ||| Stepping ~*~*~tactically~*~*~ (stealth).
   866 | D:2      | Reached XP level 3. HP: 20/21 MP: 7/7
   895 | D:2      | 895 ||| Stepping ~*~*~tactically~*~*~ (stealth).
   924 | D:2      | Reached skill level 4 in Axes
   936 | D:2      | 936 ||| FLEEEEING.
   943 | D:2      | 943 ||| STAIRDANCE
  1148 | D:2      | Found a sparkling altar of Nemelex Xobeh.
  1233 | D:2      | Reached XP level 4. HP: 24/26 MP: 8/8
  1802 | D:2      | Reached skill level 5 in Axes
  1847 | D:2      | 1847 ||| READING scroll labelled YRITUD TOPI.
  1996 | D:2      | 1996 ||| DRINKING 3 ruby potions.
  1997 | D:2      | 1997 ||| DRINKING 2 fizzy grey potions.
  1998 | D:2      | 1998 ||| DROPPING 2 potions of flight.
  1999 | D:2      | 1999 ||| DROPPING potion of degeneration.
  2012 | D:3      | 2012 ||| PLANNING SEWER
  2061 | D:3      | Found a sacrificial altar of Ru.
  2202 | D:3      | Found a glowing drain.
  2253 | D:3      | Gained mutation: Your magical nature lets you fly swiftly
                  | and evasively. [Tengu growth]
  2253 | D:3      | Reached XP level 5. HP: 27/30 MP: 9/9
  2289 | Sewer    | Entered a sewer
  2311 | Sewer    | Noticed a kobold brigand
  2321 | Sewer    | HP: 1/30 [kobold brigand/+0 short sword (7)]
  2322 | Sewer    | Slain by a kobold brigand

Levels and vault maps discovered:
D:1:      saegor_arrival_miasma, layout_basic,
          chequers_ecumenical_altar_simple_redux
D:2:      layout_basic, basic_altar
D:3:      layout_basic, nicolae_ru_great_annihilating_truth,
          portal_sewer_entry_c
Sewer:    kennysheep_pipe_town

Skill      XL: |  1  2  3  4 |
---------------+-------------+-----
Axes           | 3 4 5 |  5.6
Fighting       | |  2.0
Throwing       | |  1.0
Armour         | |  1.1
Dodging        | |  2.1
Spellcasting   | |  2.0
Translocations | |  2.4

Action                   |  1- 3 |  4- 6 || total
-------------------------+-------+-------++-------
Melee: Hand axe          |    72 |    67 ||   139
       Kick              |    15 |    19 ||    34
       Peck              |     8 |     8 ||    16
       Punch             |       |     1 ||     1
Throw: Boomerang         |     7 |       ||     7
  Use: Potion            |     2 |     2 ||     4
       Scroll            |     2 |     1 ||     3
 Stab: Paralysed         |       |     1 ||     1
Armor: Leather armour    |     9 |       ||     9
       Ring mail         |     9 |    13 ||    22
Dodge: Dodged            |    45 |    23 ||    68

Table legend:
 A = Non-vault XP
 B = Vault XP
 C = Vault XP percentage of total XP
 D = Non-vault monster count
 E = Vault monster count
 F = Vault count percentage of total count
                 A         B        C        D         E       F
            +---------+---------+-------+---------+---------+-------
      Total |     122 |      58 |  32.2 |      43 |      10 |  18.9
            +---------+---------+-------+---------+---------+-------
        D:1 |      33 |       0 |   0.0 |      21 |       0 |   0.0
        D:2 |      86 |       0 |   0.0 |      20 |       0 |   0.0
        D:3 |       3 |      56 |  94.9 |       2 |       8 |  80.0
      Sewer |       0 |       2 | 100.0 |       0 |       2 | 100.0
            +---------+---------+-------+---------+---------+-------
